Map: King Sejong Station LE

Players

Ikaruga

  • Race: Terran Terran
  • League: Diamond

A.I. 1 (Very Easy) - Winner!

  • Race: Terran Terran

VOD

Have the link to the VOD?

Description

Time

  • Played on: Oct. 27, 2016, 9:09 a.m.
  • Length: 10:42
Show
View Real Time Build Order
Export as new Build Order

Ikaruga Terran 

Build Orders: Hellion Opening, Reaper Expand, Mech 

Get SALT Encoding   

  12  0:00  SCV  
  13  0:13  SCV  
  14  0:17  Supply Depot  
  14  0:25  SCV  
  15  0:30  Refinery  
  15  0:39  SCV  
  16  0:46  Barracks  
  16  0:51  SCV  
  17  1:03  SCV  
  18  1:15  SCV  
  19  1:32  Orbital Command  
  19  1:33  Reaper  
  20  1:46  Command Center, Unknown  
  20  1:58  SCV  
  21  2:03  Factory  
  21  2:07  Barracks Reactor  
  21  2:10  SCV  
  22  2:17  Supply Depot  
  22  2:22  SCV  
  23  2:32  Refinery  
  23  2:38  SCV  
  24  2:50  SCV  
  25  2:53  Starport  
  25  2:57  Hellion x2  
  25  2:58  Unknown  
  29  3:00  Orbital Command  
  29  3:03  SCV  
  30  3:15  SCV  
  30  3:19  Hellion x2  
  35  3:20  Supply Depot  
  35  3:27  SCV x2  
  36  3:30  Viking  
  39  3:39  SCV  
  39  3:40  SCV, Hellion  
  43  3:43  Hellion  
  45  3:51  SCV  
  45  3:52  SCV  
  47  3:56  Barracks Tech Lab  
  47  4:01  Supply Depot  
  49  4:03  SCV, Hellion  
  49  4:05  Hellion  
  49  4:07  SCV  
  53  4:15  SCV  
  54  4:23  SCV, Raven  
  57  4:25  Hellion  
  57  4:26  Hellion  
  57  4:28  Supply Depot  
  57  4:29  SCV, Refinery x2  
  62  4:39  Factory  
  62  4:45  Supply Depot  
  62  4:50  SCV x2, Hellion x2  
  68  4:53  Barracks Reactor  
  68  4:58  Supply Depot  
  68  5:02  SCV x2  
  70  5:14  SCV x2  
  70  5:17  Viking x2  
  70  5:19  Siege Tank  
  79  5:22  Supply Depot  
  79  5:26  SCV x2  
  81  5:34  Hellion x2  
  85  5:38  SCV  
  86  5:44  SCV  
  86  5:45  Supply Depot, Command Center, Unknown  
  86  5:48  Viking  
  89  5:50  SCV  
  89  5:53  Viking  
  92  6:01  Hellion  
  94  6:07  Hellion, Siege Tank  
  94  6:09  SCV, Supply Depot  
  94  6:10  SCV  
  101  6:21  SCV  
  102  6:31  Viking x2, Hellion x2  
  102  6:32  Armory  
  110  6:33  Supply Depot  
  110  6:35  Engineering Bay  
  110  6:42  SCV x2, Siege Tank  
  110  6:43  Supply Depot  
  116  6:54  SCV  
  116  6:56  Unknown, Hellion x2  
  116  6:58  Orbital Command  
  120  7:10  SCV x2  
  120  7:14  Factory x3  
  122  7:16  Supply Depot  
  122  7:18  Siege Tank  
  122  7:22  SCV x2  
  127  7:24  Orbital Command  
  127  7:31  Hellion  
  127  7:32  Hellion  
  127  7:36  Viking  
  133  7:38  Refinery  
  133  7:41  Viking, Refinery  
  133  7:43  SCV  
  136  7:45  SCV  
  136  7:48  Terran Vehicle Weapons Level 1  
  137  7:53  Siege Tank  
  137  7:55  Hellion  
  137  7:57  Hellion  
  144  8:04  Factory Reactor, Factory Tech Lab x2  
  144  8:06  Viking  
  146  8:14  Viking  
  146  8:17  Hellion  
  150  8:21  Supply Depot  
  150  8:22  Hellion  
  150  8:23  Supply Depot, Siege Tank  
  155  8:30  Siege Tank x2  
  161  8:36  Viking  
  163  8:43  Command Center, Unknown  
  163  8:44  Viking  
  165  8:52  Hellion  
  165  8:53  Hellion x2  
  165  8:54  Hellion  
  173  8:58  Supply Depot  
  173  8:59  Supply Depot  
  173  9:02  Siege Tank  
  176  9:06  Siege Tank  
  179  9:13  Viking  
  181  9:19  Viking, Siege Tank  
  192  9:31  Hellion x3  
  192  9:32  Hellion  
  192  9:35  Armory  
  192  9:36  Siege Tank  
  197  9:55  Unknown, Hellion  
  199  10:11  Starport  
  199  10:12  Starport  
  199  10:30  Refinery  
  199  10:32  Missile Turret  
  199  10:33  Refinery  
  199  10:36  Missile Turret  
  199  10:37  Missile Turret  
Show
View Real Time Build Order
Export as new Build Order

A.I. 1 (Very Easy) Terran - Winner!

Build Orders: Reaper Expand 

Get SALT Encoding   

  12  0:00  SCV  
  13  0:13  SCV  
  14  0:18  Supply Depot  
  14  0:42  Barracks  
  14  1:04  Command Center, Unknown  
  14  1:30  Supply Depot, Orbital Command  
  14  1:32  Marine  
  15  1:37  Refinery  
  15  1:47  Refinery  
  15  1:55  SCV  
  16  2:07  SCV  
  17  2:15  Reaper, Unknown  
  18  2:19  SCV  
  18  2:21  SCV  
  20  2:32  SCV  
  20  2:35  SCV  
  22  2:44  SCV  
  23  2:50  SCV  
  24  2:56  Refinery  
  24  2:57  SCV  
  25  2:59  Marine  
  25  3:04  SCV  
  27  3:11  SCV  
  28  3:17  Factory  
  28  3:18  SCV  
  29  3:40  Refinery  
  29  3:42  SCV, Marine  
  31  3:49  SCV  
  31  3:54  Supply Depot  
  32  3:56  SCV  
  33  4:03  SCV  
  33  4:04  Starport  
  34  4:11  SCV  
  35  4:18  SCV  
  36  4:25  SCV  
  36  4:26  Reaper  
  38  4:32  SCV  
  38  4:36  Supply Depot  
  39  4:39  SCV  
  39  4:41  Starport Tech Lab  
  40  4:46  SCV  
  41  4:54  SCV  
  41  4:59  Raven  
  44  5:01  SCV  
  45  5:08  SCV  
  45  5:09  Marine  
  47  5:15  SCV  
  48  5:42  Raven  
  50  5:53  Marine  
  51  6:37  Barracks Tech Lab  
  51  6:58  Marauder  
Tags
 
Add a new tag
Caveats
  • Supply blocks, unpowered buildings, or Contaminate may cause inaccurate times.
  • Supply counts are checked every 10 seconds.